 Dungeon Crawl Stone Soup version 0.28.0-45-g0d030f2227 (webtiles) character file.

Game seed: 9212934751639770591

2237 Saba the Shooter (level 9, -5/57 HPs)
             Began as a Gargoyle Hunter on Apr 8, 2022.
             Was a Follower of Okawaru.
             Slain by an orc warrior
             ... wielding a +0 war axe
              (23 damage)
             ... in a bailey.
             The game lasted 00:15:34 (9717 turns).

Saba the Shooter (Gargoyle Hunter)                  Turns: 9717, Time: 00:15:34

Health: -5/57      AC: 17    Str: 20    XL:     9   Next: 36%
Magic:  9/9        EV: 14    Int: 12    God:    Okawaru [*.....]
Gold:   395        SH:  0    Dex: 16    Spells: 8/8 levels left

rFire   . . .      SeeInvis .   a - +1 shortbow
rCold   . . .      Faith    .   (shield currently unavailable)
rNeg    + . .      Spirit   .   h - +2 robe
rPois   ∞          Reflect  .   o - +0 helmet
rElec   +          Harm     .   (no cloak)
rCorr   .          Rampage  .   v - +0 pair of gloves
Will    .....                   (no boots)
Stlth   +.........              (no amulet)
HPRegen 0.19/turn               i - +4 ring of protection
MPRegen 0.11/turn               c - +6 ring of dexterity

@: confused, ambrosia-drunk, hasted, very quick
A: sickness immunity, AC +6, negative energy resistance 1, electricity
resistance, torment resistance 1, petrification resistance
a: Renounce Religion, Heroism


You were in a bailey.
You worshipped Okawaru.
Okawaru was aware of your devotion.
You visited 2 branches of the dungeon, and saw 9 of its levels.
You also visited: Bailey.

You collected 428 gold pieces.
You spent 33 gold pieces at shops.

Inventory:

Hand Weapons
 a - a +1 shortbow (weapon)
 m - a +0 quarterstaff
Missiles
 d - 105 arrows (quivered ammo)
Armour
 h - a +2 robe (worn)
 o - a +0 helmet (worn)
 v - a +0 pair of gloves (worn)
 x - a +0 tower shield
Jewellery
 c - a +6 ring of dexterity (right hand)
 i - a +4 ring of protection (left hand)
 t - a ring of ice
 A - a ring of see invisible
Wands
 q - a wand of polymorph (3)
 F - a wand of flame (12)
Scrolls
 e - 2 scrolls of immolation
 f - 5 scrolls of identify
 k - 4 scrolls of holy word {unknown}
 p - 2 scrolls of enchant weapon {unknown}
 s - a scroll of torment {unknown}
 u - 2 scrolls of blinking {unknown}
 y - 3 scrolls of amnesia {unknown}
 B - a scroll of magic mapping {unknown}
 E - a scroll of fog {unknown}
Potions
 j - 4 potions of brilliance
 l - 2 potions of mutation {unknown}
 r - a potion of cancellation {unknown}
 w - 2 potions of lignification {unknown}
 z - a potion of flight {unknown}
 C - a potion of attraction {unknown}
 D - 3 potions of curing {unknown}


   Skills:
 + Level 7.0 Fighting
 + Level 7.3 Bows
 + Level 6.4 Armour
 + Level 5.3 Dodging
 - Level 1.1 Stealth


You had 8 spell levels left.
You didn't know any spells.
Your spell library contained the following spells:

 Spells                   Type           Power      Damage    Failure   Level
 Sandblast                Erth           0%         2d4       32%         1
 Passwall                 Tmut/Erth      0%         N/A       45%         2
 Stone Arrow              Conj/Erth      0%         3d7       69%         3


Dungeon Overview and Level Annotations

Branches:
Dungeon (8/15)             Temple (1/1) D:7            Lair (0/6) D:8
 Bailey (1/1)

Altars:
Ashenzari
Cheibriados
Dithmenos
Fedhas
Hepliaklqana
Nemelex Xobeh
Okawaru
Qazlal
Ru
Uskayaw
Wu Jian
Xom
Yredelemnul
Lugonu

Shops:
D:3 :*:[*


Innate Abilities, Weirdness & Mutations

You are immune to sickness and miasma.
Your stone body is resilient. (AC +6)
You are immune to poison.
You resist negative energy. (rN+)
You are resistant to electric shocks. (rElec)
You are resistant to unholy torment.
You are immune to petrification.


Message History

As you read the scroll of teleportation, it crumbles to dust.
You feel strangely unstable.
The orc knight hits you with a +0 war axe!
Your surroundings suddenly seem different.
An orc knight, 2 kobold brigands and 4 orc warriors come into view.
A kobold brigand is wielding a +0 war axe and quivering poisoned darts.
A kobold brigand is wielding a +0 war axe and quivering curare-tipped darts.
Found five items.
Found an iron altar of Okawaru.
The orc warrior shouts!
The kobold brigand shouts!
The orc warrior shouts!
The kobold brigand shouts!
The orc warrior shouts!
The kobold brigand throws a curare-tipped dart.
The curare-tipped dart hits you.
An orc warrior comes into view. It is wielding a +0 war axe.
As you read the scroll labelled VOIGRE KIXZEO, it crumbles to dust.
It is a scroll of identify.
e - 2 scrolls of immolation The orc knight shouts!
The orc knight roars a battlecry!
The orc warriors go into a battle-frenzy!
The kobold brigand throws a curare-tipped dart.
The curare-tipped dart completely misses you.
The kobold brigand barely misses you.
The orc warrior shouts!
The kobold brigand throws a curare-tipped dart.
The curare-tipped dart completely misses you.
The kobold brigand throws a poisoned dart.
The poisoned dart closely misses you.
Unknown command.
You open the door.
The kobold brigand throws a poisoned dart.
The poisoned dart hits you!
There is an open door here.
It was a potion of haste.
You feel yourself speed up.
The orc warrior suddenly jeers.
You are too injured to fight recklessly!
It was a potion of ambrosia.
You are confused.
You feel invigorated.
The orc warrior hits you with a +0 war axe!
The orc warrior hits you with a +0 war axe!!
You die...

###≈≈.......≈≈###.#
...≈≈...(...≈≈....#
###≈≈.....(.≈≈#####
##≈.....((≈##
####'''####
##.....## #∩/...?∩#
#...8...# ##.@o..##
###o### ####.o.####
#...ooK...#
#......K......#
#....o..........
#....K..........
##.............#
###.?(.(.[}.###


You could see an orc knight, 3 orc warriors and 2 kobold brigands.

Vanquished Creatures
  Sigmund (D:2)
  An ice beast (D:7)
  A black bear (D:4)
  2 ogres
  A centaur (D:5)
  A phantom (D:7)
  3 kobold brigands (Bailey)
  2 bullfrogs (D:6)
  A gnoll sergeant (D:8)
  A water moccasin zombie (D:6)
  4 scorpions
  A water moccasin skeleton (D:6)
  3 wights
  A bullfrog zombie (D:6)
  2 centaur zombies (D:7)
  A centaur skeleton (D:7)
  A bullfrog skeleton (D:4)
  3 hounds
  Jessica (D:2)
  5 iguanas
  A hound skeleton (D:4)
  A howler monkey zombie (D:8)
  11 adders
  3 gnolls (D:8)
  2 howler monkey skeletons
  A river rat (D:3)
  A shadow imp (D:7)
  A white imp (D:6)
  An adder zombie (D:5)
  7 worms
  3 dart slugs
  4 orcs
  5 endoplasms
  4 giant cockroaches
  8 goblins
  9 hobgoblins
  4 jackals (D:4)
  3 quokkas
  7 ball pythons
  5 bats
  14 frilled lizards
  12 kobolds
  5 rats
148 creatures vanquished.

Vanquished Creatures (others)
  5 plants (D:5)
5 creatures vanquished.

Grand Total: 153 creatures vanquished

Notes
Turn   | Place    | Note
-------+----------+-------------------------------------------
     0 | D:1      | Saba the Gargoyle Hunter began the quest for the Orb.
     0 | D:1      | Reached XP level 1. HP: 12/12 MP: 1/1
   348 | D:1      | Reached XP level 2. HP: 8/18 MP: 2/2
   878 | D:1      | Reached skill level 1 in Armour
   937 | D:1      | Found a faded altar of an unknown god.
  1021 | D:1      | Reached XP level 3. HP: 22/22 MP: 3/3
  1425 | D:2      | Noticed Sigmund
  1435 | D:2      | Killed Sigmund
  1436 | D:2      | Reached XP level 4. HP: 15/28 MP: 4/4
  1436 | D:2      | Reached XP level 5. HP: 17/32 MP: 5/5
  1764 | D:2      | Noticed Jessica
  1775 | D:2      | Killed Jessica
  1776 | D:2      | Reached XP level 6. HP: 25/38 MP: 6/6
  2311 | D:3      | Found Ciezuit's Antique Armour Shop.
  2345 | D:3      | Reached skill level 5 in Bows
  2346 | D:3      | Found a hide-covered altar of Uskayaw.
  2346 | D:3      | Found a shimmering altar of Xom.
  2359 | D:3      | Found a sacrificial altar of Ru.
  2595 | D:3      | Found Qeymase's Book Boutique.
  2626 | D:3      | Found Ojutt's General Store.
  2662 | D:3      | Found Plog's Book Shop.
  2723 | D:3      | Found Romnemau's General Store.
  2733 | D:3      | Bought a scroll of teleportation for 33 gold pieces
  3359 | D:3      | Found a sparkling altar of Nemelex Xobeh.
  3362 | D:3      | Found a blossoming altar of Fedhas.
  4557 | D:4      | Noticed a black bear
  4562 | D:4      | Killed a black bear
  4563 | D:4      | Reached XP level 7. HP: 40/44 MP: 7/7
  4786 | D:5      | Entered Level 5 of the Dungeon
  5276 | D:5      | Found a broken altar of Ashenzari.
  5291 | D:5      | Reached skill level 5 in Fighting
  5407 | D:5      | HP: 2/44 [iguana (10)]
  5742 | D:5      | Reached XP level 8. HP: 35/49 MP: 8/8
  6835 | D:6      | Reached skill level 5 in Armour
  7942 | D:7      | Found a staircase to the Ecumenical Temple.
  7967 | Temple   | Entered the Ecumenical Temple
  8018 | Temple   | Became a worshipper of Warmaster Okawaru
  8520 | D:7      | Reached XP level 9. HP: 33/56 MP: 9/9
  8567 | D:7      | Reached skill level 5 in Dodging
  9115 | D:8      | Found a staircase to the Lair.
  9254 | D:8      | Found a flagged portal.
  9284 | Bailey   | Entered a bailey
  9336 | Bailey   | Reached * piety under Okawaru
  9665 | Bailey   | Noticed an orc knight
  9710 | Bailey   | Found an iron altar of Okawaru.
  9710 | Bailey   | Noticed an orc knight
  9717 | Bailey   | Slain by an orc warrior

Illustrated notes

Levels and vault maps discovered:
D:1:      scummos_arrival_hexagon, layout_loops_ring,
          shapermc_ecumenical_altar_mp_highgroup
D:2:      layout_rooms, minmay_heptomino_l4, uniq_sigmund, uniq_jessica
D:3:      layout_loops_corners, nicolae_ru_awakened_eye,
          nicolae_overflow_hidden_temple, lightli_sewer_entry_pipes,
          serial_shops, nicolae_shop_trees, nicolae_shop_trees, shop_fountains,
          shop, nicolae_shop_crystal
D:4:      layout_basic
D:5:      layout_gridville, amcnicky_altar_gilded, minmay_lizard_king
D:6:      layout_basic
D:7:      layout_loops_ring, minmay_temple_entry_glassed_door,
          minmay_misc_feat_square
D:8:      layout_loops_ring, good_gods_mini_temple, nicolae_gozag_seed_capital,
          lair_entry_dummy, enter_bailey_2
Temple:   corrupted_temple
Bailey:   bailey_axe_3, bailey

Skill      XL: |  1  2  3  4  5  6  7  8  9 |
---------------+----------------------------+-----
Armour         | 1 2 3 4 5 6 |  6.4
Dodging        | 2 3 4 5 |  5.3
Fighting       | 3 4 5 6 7 |  7.0
Bows           | 5 6 7 |  7.3
Stealth        | |  1.1

Action                   |  1- 3 |  4- 6 |  7- 9 || total
-------------------------+-------+-------+-------++-------
Melee: Short sword       |    83 |       |       ||    83
       Punch             |     1 |     1 |       ||     2
       Spear             |       |    53 |       ||    53
       Quarterstaff      |       |   206 |   340 ||   546
 Fire: Shortbow          |     9 |       |    80 ||    89
  Use: Potion            |       |       |     4 ||     4
       Scroll            |       |       |     5 ||     5
 Stab: Sleeping          |       |     2 |     2 ||     4
Armor: Leather armour    |    22 |       |       ||    22
       Robe              |       |   116 |   199 ||   315
Dodge: Dodged            |    42 |   186 |   314 ||   542
